 Dungeon Crawl Stone Soup version 0.17.1-3-g152610e (webtiles) character file.

328 Alarkh the Chopper (level 6, 0/44 HPs)
             Began as a Mummy Skald on Apr 20, 2016.
             Slain by Jessica (3 damage)
             ... on level 3 of the Dungeon.
             The game lasted 00:04:46 (2435 turns).

Alarkh the Chopper (Mummy Skald)                    Turns: 2435, Time: 00:04:46

Health: 0/44       AC:  4    Str: 16    XL:     6   Next: 25%
Magic:  12/18      EV: 11    Int: 13    God:
Gold:   147        SH:  0    Dex: 11    Spells: 3 memorised, 4 levels left

rFire  x . .     SeeInvis .     a - +0 hand axe
rCold  + . .     Clarity  .     b - +0 leather armour
rNeg   + + +     SustAt   .     (no shield)
rPois  ∞         Gourm    .     e - +0 helmet
rElec  .         Spirit   .     (no cloak)
rCorr  .         Warding  .     (no gloves)
rMut   .         Stasis   .     (no boots)
MR     .....                    (no amulet)
Stlth  +.........               (no ring)
                                d - ring of magical power

@: not resistant to hostile enchantments, very unstealthy
A: no food or potions, fire vulnerability, cold resistance 1, negative energy
resistance 3, torment resistance, unbreathing
a: no special abilities


You were on level 3 of the Dungeon.
You were not hungry.

You visited 1 branch of the dungeon, and saw 3 of its levels.

You collected 147 gold pieces.

Inventory:

Hand Weapons
 a - a +0 hand axe (weapon)
Armour
 b - a +0 leather armour (worn)
 e - a +0 helmet (worn)
Jewellery
 d - a ring of magical power (left hand)
Wands
 l - a wand of confusion (13)
 m - a wand of confusion (21)
Scrolls
 f - 4 scrolls of recharging
 g - 2 scrolls of enchant armour {unknown}
 h - a scroll of blinking {unknown}
 i - a scroll of magic mapping
 j - 2 scrolls of teleportation
 k - a scroll of immolation
Books
 c - a book of Battle

   Spells                             Type                      Level
   a - Infusion                       Charms                       1
   b - Shroud of Golubria             Charms/Translocation         2
   c - Song of Slaying                Charms                       2
   d - Spectral Weapon                Hexes/Charms                 3
   e - Regeneration                   Charms/Necromancy            3


   Skills:
 - Level 2.0 Fighting
 + Level 5.5 Axes
 - Level 0.7 Armour
 - Level 0.7 Dodging
 - Level 2.0 Spellcasting
 - Level 2.4 Charms


You had 4 spell levels left.
You knew the following spells:

 Your Spells              Type           Power        Failure   Level  Hunger
a - Infusion              Chrm           #.....       14%         1    N/A
b - Song of Slaying       Chrm           #.......     21%         2    N/A
e - Shroud of Golubria    Chrm/Tloc      #.........   30%         2    N/A

Dungeon Overview and Level Annotations

Branches:
Dungeon (3/15)

Altars:

Annotations:
D:3 Jessica


Innate Abilities, Weirdness & Mutations

You do not eat or drink.
Your flesh is vulnerable to fire.
You are immune to poison.
Your flesh is cold resistant.
You are immune to negative energy.
You are immune to unholy pain and torment.
You can survive without breathing.


Message History

You are unaffected.
You hit Jessica.
Jessica is almost dead.
You closely miss the orc.
The orc is severely wounded.
The orc barely misses you. Jessica barely misses you.
Unknown command.
You barely miss Jessica.
Jessica is almost dead.
You hit the orc but do no damage.
The orc is severely wounded.
You are no longer magically infusing your attacks.
Jessica hits you but does no damage.
Unknown command.
You completely miss Jessica.
Jessica is almost dead.
You hit the orc.
You kill the orc!
Jessica hits you.
You die...

#### ### . ...# ########'###
.. ...# #..........# ...
...#####........@@# .?..
...##...........).# .....
...##.......#+#+#.######......
...''.......'.......J..'......
...##.......#.#.#.######......
...##.......#.#.#......# .....
.####.......#.#.######.# ....
.# ###...........#.†.!## #+#
.# #......^..#.#.#<..#


You could see Jessica.

Vanquished Creatures
  Grinder (D:3)
  5 adders
  An ooze (D:1)
  A worm (D:2)
  3 giant geckos
  An orc (D:3)
  8 bats
  4 giant cockroaches
  12 hobgoblins
  4 jackals (D:3)
  8 kobolds
  3 ball pythons
  7 giant newts
  12 goblins
  4 rats
74 creatures vanquished.

Notes
Turn   | Place    | Note
--------------------------------------------------------------
     0 | D:1      | Alarkh the Mummy Skald began the quest for the Orb.
     0 | D:1      | Reached XP level 1. HP: 16/16 MP: 3/3
    60 | D:1      | Reached XP level 2. HP: 13/22 MP: 0/5
   447 | D:1      | Learned a level 2 spell: Song of Slaying
   450 | D:1      | Learned a level 2 spell: Shroud of Golubria
   613 | D:1      | Reached XP level 3. HP: 27/27 MP: 6/6
   850 | D:2      | Reached skill level 3 in Axes
  1269 | D:2      | Reached XP level 4. HP: 20/33 MP: 7/7
  2116 | D:3      | Reached skill level 4 in Axes
  2318 | D:3      | Noticed Grinder
  2349 | D:3      | Paralysed by Grinder for 3 turns
  2366 | D:3      | Killed Grinder
  2366 | D:3      | Reached skill level 5 in Axes
  2366 | D:3      | Reached XP level 5. HP: 18/38 MP: 6/8
  2366 | D:3      | Reached XP level 6. HP: 20/44 MP: 6/9
  2411 | D:3      | Noticed Jessica
  2431 | D:3      | HP: 2/44 [orc/flail (8)]
  2435 | D:3      | Slain by Jessica

Action                   |  1- 3 |  4- 6 || total
-------------------------+-------+-------++-------
Melee: Hand axe          |   130 |   116 ||   246
 Cast: Infusion          |    23 |    21 ||    44
       Shroud of Golubri |       |     5 ||     5
Evoke: Wand              |       |     9 ||     9
  Use: Scroll            |     3 |     1 ||     4
 Stab: Confused          |       |     4 ||     4
